 Dungeon Crawl Stone Soup version 0.31.0-12-g77e489cdc1 (webtiles) character file.

Game seed: 14171218374704378324

12266 spaghetti the Covert (level 11, 0/69 HPs)
             Began as a Deep Elf Delver on Feb 16, 2024.
             Was a High Priest of Okawaru.
             Slain by an unseen horror (6 damage)
             ... on level 12 of the Dungeon.
             The game lasted 00:19:03 (11967 turns).

spaghetti the Covert (Deep Elf Delver)             Turns: 11967, Time: 00:19:04

Health: 0/69       AC:  9    Str: 17    XL:     11   Next: 60%
Magic:  11/13      EV: 26    Int: 19    God:    Okawaru [*****.]
Gold:   594        SH:  0    Dex: 22    Spells: 8/10 levels left

rFire   . . .        H - +5 dagger of Kibbueg {flame, Int+4}
rCold   . . .        (no shield)
rNeg    . . .        k - +2 leather armour of Qautel {*Slow rElec Str+7 Slay+3}
rPois   .            (no helmet)
rElec   +            K - scarf {shadows}
rCorr   .            (no gloves)
SInv    .            (no boots)
Will    +....        C - amulet of faith
Stlth   ++++++++     f - +4 ring of protection
HPRegen 0.31/turn    j - ring of wizardry
MPRegen 0.13/turn

%: slow self (1%), faith, wizardry (x1)
@: heroic
A: agile 1, wild magic 1, sturdy frame 1
a: Renounce Religion, Heroism, Finesse, Duel


You were on level 12 of the Dungeon.
You worshipped Okawaru.
Okawaru was extremely pleased with you.
You visited 1 branch of the dungeon, and saw 12 of its levels.

You collected 594 gold pieces.

Inventory:

Hand Weapons
 a - a +0 short sword of flaming
 r - a +1 dagger of speed
 s - the +10 battleaxe "Coushijo" {flame, Dex+3 Stlth+}
   (You found it on level 5 of the Dungeon)

   Dex+3:     It affects your dexterity (+3).
   Stlth+:    It makes you more stealthy.
 E - a +1 dagger of electrocution
 H - the +5 dagger of Kibbueg (weapon) {flame, Int+4}
   (You found it on level 10 of the Dungeon)

   Int+4:     It affects your intelligence (+4).
Missiles
 n - 2 throwing nets (quivered)
Armour
 b - a +0 leather armour
 h - a +1 troll leather armour
 i - a +0 cloak of poison resistance
 k - the +2 leather armour of Qautel (worn) {*Slow rElec Str+7 Slay+3}
   (You found it on level 2 of the Dungeon)

   Str+7:     It affects your strength (+7).
   Slay+3:    It affects your accuracy & damage with ranged weapons and melee
   (+3).
   rElec:     It insulates you from electricity.
   *Slow:     It may slow you when you take damage.
 K - a scarf of shadows (worn)
Jewellery
 f - a +4 ring of protection (left hand)
 j - a ring of wizardry (right hand)
 C - an amulet of faith (around neck)
 F - a ring of wizardry
 G - a ring of magical power
Wands
 g - a wand of digging (3)
 A - a wand of flame (44)
 D - a wand of roots (3)
Scrolls
 c - 2 scrolls of fog
 d - 2 scrolls of revelation
 e - a scroll of blinking
 q - a scroll of enchant armour
 x - 4 scrolls of teleportation
 y - 4 scrolls of amnesia
 z - a scroll of silence
 I - 2 scrolls of immolation
 M - 2 scrolls of identify
Potions
 l - 4 potions of curing
 m - 3 potions of heal wounds
 o - 2 potions of invisibility
 p - 2 potions of magic
 t - a potion of brilliance
 u - 2 potions of attraction
 v - a potion of haste
 w - 2 potions of might
 B - a potion of enlightenment
 L - 2 potions of resistance


   Skills:
 + Level 8.8(13.8) Fighting
 + Level 5.8(10.8) Short Blades
 + Level 4.4(9.4) Throwing
 + Level 12.1(17.1) Dodging
 + Level 14.1(19.1) Stealth


You had 8 spell levels left.
You knew the following spells:

 Your Spells              Type           Power      Damage    Failure   Level
a - Blink                 Tloc           0%         N/A       17%         2

Your spell library contained the following spells:

 Spells                   Type           Power      Damage    Failure   Level
 Lesser Beckoning         Tloc           0%         N/A       17%         2
 Momentum Strike          Conj/Tloc      0%         3d8       17%         2
 Sublimation of Blood     Necr           0%         N/A       17%         2
 Dazzling Flash           Conj/Hex       0%         N/A       32%         3
 Frozen Ramparts          Ice            0%         1d1       32%         3
 Mephitic Cloud           Conj/Alch/Air  0%         N/A       32%         3
 Leda's Liquefaction      Alch/Erth      0%         N/A       67%         4
 Petrify                  Alch/Erth      0%         N/A       67%         4
 Curse of Agony           Necr           0%         N/A       93%         5
 Irradiate                Conj/Alch      0%         3d11      93%         5
 Metabolic Englaciation   Hex/Ice        0%         N/A       93%         5
 Silence                  Hex/Air        0%         N/A       93%         5
 Call Imp                 Summ           Unusable   N/A       N/A         2
 Summon Hydra             Summ           Unusable   N/A       N/A         7

Dungeon Overview and Level Annotations

Branches:
Dungeon (12/15)            Temple (0/1) D:4            Lair (0/5) D:8
    Orc: D:9-12

Altars:
Ashenzari
Cheibriados
Dithmenos
Elyvilon
Fedhas
Gozag
Hepliaklqana
Kikubaaqudgha
Makhleb
Nemelex Xobeh
Okawaru
Qazlal
Ru
Sif Muna
Trog
Uskayaw
Vehumet
Wu Jian
Xom
Yredelemnul
Zin
The Shining One

Shops:
D:3 =

Annotations:
D:1 1 exclusion
D:4 1 exclusion
D:7 Lhightning's ghost, novice HOMo
D:12 exclusion: electric eel


Innate Abilities, Weirdness & Mutations

You are agile. (Dex +4, Str/Int -1)
Your spells are a little harder to cast, but a little more powerful.
Your movements are slightly less encumbered by armour. (ER -2)


Message History

The orc warrior hits you with a +0 war axe.
You hit the orc warrior. You burn the orc warrior.
The orc warrior is almost dead.
You puncture the orc warrior! You burn the orc warrior.
You kill the orc warrior!
Okawaru accepts your kill. Something closely misses you.
You hit something. You burn something. Something hits you!
There is a strange disturbance nearby!
There is a strange disturbance nearby!
Something hits you.
Things that are here:
a +0 war axe; a +0 plate armour; an orc corpse Something hits you but does no damage.
Something closely misses you. Something hits you.
* * * LOW HITPOINT WARNING * * *
You miss something. You punch something. Something misses you.
Something hits you but does no damage.
You puncture something! You burn something.
You feel like a meek peon again. Something hits you!
* * * LOW HITPOINT WARNING * * *
You hit something but do no damage. Something closely misses you.
Something misses you.
You hit something. You burn something. Something hits you but does no damage.
Something hits you.
* * * LOW HITPOINT WARNING * * *
You gain the combat prowess of a mighty hero.
Something misses you.
There is a stone staircase leading up here.
Something hits you but does no damage.
Throw: 4 throwing nets
Press: ? - help, Q - select action, (/) - cycle Shift-Dir - straight line You throw a throwing net.
Something hits you but does no damage.
Throw: 3 throwing nets
Press: ? - help, Q - select action, (/) - cycle Shift-Dir - straight line You throw a throwing net.
Something closely misses you. Something hits you.
You die...

##### ...# #.###.### ...#
#...#.#..<..# ...#
#...#.#...#.######## ...#
#...#(..).<@#....... ...#
#...#.....###......^ ...#
#...#.###.###.......
...###...#.....#..........
...........................
..#########.#....#.........
>.........#.#.####$........
##.######.#.#.# #....$....
(#..........#.# #.........


There were no monsters in sight!

Vanquished Creatures
  3 two-headed ogres
  Pikel (D:6)
  A cyclops (D:12)
  A slime creature (D:7)
  3 gargoyles
  An unseen horror (D:10)
  2 kobold demonologists
  2 trolls (D:12)
  4 shadows
  A wraith (D:9)
  2 water elementals (D:12)
  5 yaks (D:9)
  2 steam dragons (D:8)
  5 vampire mosquitoes
  2 acid dragons
  3 orc warriors
  2 black bears
  2 ice beasts (D:7)
  2 ogres
  5 centaurs
  A lemure (D:6)
  2 phantoms (D:4)
  3 kobold brigands
  A bullfrog (D:8)
  A gnoll sergeant (D:7)
  3 scorpions
  5 wights
  10 killer bees
  8 howler monkeys
  5 electric eels (D:12)
  3 gnoll boudas
  A bombardier beetle (D:6)
  A sleepcap (D:6)
  4 orc priests
  5 hounds
  4 jellies
  4 iguanas
  12 orc wizards
  Terence (D:1)
  17 gnolls
  4 adders
  2 white imps (D:7)
  3 dart slugs
  2 ribbon worms
  22 orcs
  9 ball pythons
  12 endoplasms
  A giant cockroach (D:1)
  5 goblins
  11 hobgoblins
  3 jackals (D:5)
  27 kobolds
  4 quokkas
  9 bats
  4 frilled lizards
  9 rats
267 creatures vanquished.

Vanquished Creatures (others)
  An orc wizard (D:8)
1 creature vanquished.

Grand Total: 268 creatures vanquished

Notes
Turn   | Place    | Note
-------+----------+-------------------------------------------
     0 | D:5      | spaghetti the Deep Elf Delver began the quest for the Orb.
     0 | D:5      | Reached XP level 1. HP: 13/13 MP: 3/3
    10 | D:5      | Became a worshipper of Warmaster Okawaru
    23 | D:5      | Noticed a black bear
    33 | D:5      | Noticed an iguana
    35 | D:4      | Noticed an iguana
   278 | D:2      | Noticed Terence
   311 | D:2      | Reached XP level 2. HP: 7/18 MP: 4/4
   577 | D:1      | Reached XP level 3. HP: 16/22 MP: 5/5
   661 | D:1      | Killed Terence
  1252 | D:2      | Reached XP level 4. HP: 27/27 MP: 6/6
  1421 | D:2      | Identified the +2 leather armour of Qautel {*Slow rElec
                  | Str+7 Slay+3}
  1749 | D:3      | Found a glowing silver altar of Zin.
  1948 | D:3      | Found a snail-covered altar of Cheibriados.
  2005 | D:3      | Found a faded altar of an unknown god.
  2105 | D:3      | Found Wesisal's Jewellery Shop.
  2183 | D:3      | Found a basalt altar of Yredelemnul.
  2249 | D:3      | Found a glowing golden altar of the Shining One.
  2593 | D:4      | Reached * piety under Okawaru
  2634 | D:4      | HP: 1/42 [acid (3)]
  2637 | D:4      | Reached XP level 5. HP: 1/32 MP: 4/7
  2641 | D:4      | HP: 2/48 [dart slug/slug dart (1)]
  2648 | D:4      | HP: 1/32 [iguana (1)]
  2655 | D:4      | Reached skill level 7 in Stealth
  2802 | D:4      | Found a staircase to the Ecumenical Temple.
  2965 | D:4      | Found a burning altar of Makhleb.
  3035 | D:4      | Learned a level 2 spell: Blink
  3057 | D:4      | Noticed a phantom
  3068 | D:4      | Noticed a phantom
  3085 | D:4      | Killed a phantom
  3086 | D:4      | Reached XP level 6. HP: 37/37 MP: 8/8
  3392 | D:5      | Reached skill level 5 in Dodging
  3392 | D:5      | Reached XP level 7. HP: 35/42 MP: 9/9
  3598 | D:5      | Reached skill level 8 in Stealth
  3642 | D:5      | Reached ** piety under Okawaru
  3672 | D:5      | Noticed a fire elemental
  3797 | D:5      | Found a stormy altar of Qazlal.
  3798 | D:5      | Noticed a water elemental
  3800 | D:5      | Noticed an air elemental
  3866 | D:5      | Found a blossoming altar of Fedhas.
  3868 | D:5      | Found an ancient bone altar of Kikubaaqudgha.
  3998 | D:5      | Found a bloodstained altar of Trog.
  3999 | D:5      | Found a white marble altar of Elyvilon.
  3999 | D:5      | Identified the +10 battleaxe "Coushijo" {flame, Dex+3
                  | Stlth+}
  4278 | D:6      | Reached XP level 8. HP: 45/48 MP: 10/10
  4312 | D:6      | Found a shimmering altar of Xom.
  4410 | D:6      | Noticed Pikel
  4417 | D:6      | Killed Pikel
  4418 | D:6      | Reached skill level 5 in Fighting
  4418 | D:6      | Reached skill level 9 in Stealth
  4620 | D:6      | Reached *** piety under Okawaru
  4622 | D:6      | Identified the +3 leather armour "Mieniu" {Harm rPois}
  4701 | D:6      | Reached skill level 10 in Stealth
  5189 | D:7      | Reached XP level 9. HP: 55/55 MP: 11/11
  5762 | D:7      | Found a transporter.
  5763 | D:7      | Noticed Lhightning's ghost (novice HOMo)
  5768 | D:7      | Noticed a moth of wrath
  5777 | D:7      | Found a transporter.
  5804 | D:7      | Reached skill level 11 in Stealth
  5998 | D:7      | Found a radiant altar of Vehumet.
  5998 | D:7      | Found a shimmering blue altar of Sif Muna.
  5998 | D:7      | Found a hazy altar of Hepliaklqana.
  5998 | D:7      | Found a shadowy altar of Dithmenos.
  5998 | D:7      | Found a blossoming altar of Fedhas.
  5998 | D:7      | Found a hide-covered altar of Uskayaw.
  6012 | D:7      | Killed a large slime creature
  6012 | D:7      | Reached **** piety under Okawaru
  6283 | D:7      | Gained mutation: Your movements are slightly less
                  | encumbered by armour. (ER -2) [potion of mutation]
  6283 | D:7      | Gained mutation: Your spells are a little harder to cast,
                  | but a little more powerful. [potion of mutation]
  6283 | D:7      | Gained mutation: You are agile. (Dex +4, Str/Int -1)
                  | [potion of mutation]
  6291 | D:7      | Found a shimmering blue altar of Sif Muna.
  6421 | D:7      | Found a hide-covered altar of Uskayaw.
  6436 | D:7      | Found an ornate altar of the Wu Jian Council.
  6891 | D:8      | Found a radiant altar of Vehumet.
  7090 | D:8      | Reached XP level 10. HP: 49/63 MP: 12/12
  7185 | D:8      | Found a shadowy altar of Dithmenos.
  7211 | D:8      | Found a hazy altar of Hepliaklqana.
  7224 | D:8      | Found a staircase to the Lair.
  7239 | D:8      | Noticed a two-headed ogre
  7248 | D:8      | Killed a two-headed ogre
  7249 | D:8      | Reached skill level 10 in Dodging
  7249 | D:8      | Reached skill level 12 in Stealth
  7466 | D:8      | Identified the +2 robe of Ramawk {rF- rN+ rCorr Str-4
                  | Archmagi}
  7784 | D:9      | Noticed a two-headed ogre
  7878 | D:10     | Entered Level 10 of the Dungeon
  8103 | D:9      | Reached ***** piety under Okawaru
  8112 | D:9      | Received a gift from Okawaru
  8243 | D:9      | Identified the +0 leather armour "Ucwaovie" {^Contam +Blink
                  | Str+3 Int+5}
  8470 | D:9      | Reached skill level 1 in Throwing
  8470 | D:9      | Reached skill level 13 in Stealth
  8655 | D:9      | Killed a two-headed ogre
  8876 | D:9      | Found a sparkling altar of Nemelex Xobeh.
  9350 | D:10     | Reached XP level 11. HP: 67/68 MP: 13/13
  9413 | D:10     | Found an opulent altar of Gozag.
  9414 | D:10     | Identified the +5 dagger of Kibbueg {flame, Int+4}
  9734 | D:10     | Found a sacrificial altar of Ru.
  9786 | D:10     | Found a broken altar of Ashenzari.
  9963 | D:11     | Reached skill level 5 in Short Blades
 10616 | D:11     | Noticed a two-headed ogre
 10625 | D:11     | Killed a two-headed ogre
 10625 | D:11     | Received a gift from Okawaru
 11239 | D:12     | Reached skill level 14 in Stealth
 11584 | D:12     | HP: 2/69 [orc warrior/+0 war axe (17)]
 11608 | D:12     | HP: 3/69 [electric eel/bolt of electricity (4)]
 11967 | D:12     | Slain by an unseen horror

Illustrated notes

Levels and vault maps discovered:
D:1:      minmay_arrival_shoal_huts, layout_loops_ring,
          wander_ebering_terrifying_dragon_lair
D:2:      layout_basic, hangedman_decor_lopped, uniq_terence
D:3:      layout_basic, mainiacjoe_overflow_alcove_2,
          mainiacjoe_overflow_brackets, kennysheep_slug_shrine,
          mainiacjoe_overflow_small_starburst, serial_shops,
          nicolae_shop_just_a_little_nook,
          shapermc_ecumenical_altar_totnotflames
D:4:      layout_rooms, lemuel_doored_altar, minmay_temple_entry_water_ring,
          kennysheep_generic_room_7
D:5:      layout_rooms, grunt_temple_overflow_growth_and_decay,
          nicolae_qazlal_style_of_elements, okawaru_metal_pillars_3,
          nicolae_overflow_squiral, bh_walls_and_bars
D:6:      kennysheep_spiral_hall, layout_basic, xom_teletrap_fun, uniq_pikel
D:7:      cheibrodos_fertilizer, layout_basic, marbit_many_paths,
          mainiacjoe_overflow_big_doors, gammafunk_ghost_berserking_beasts,
          ebering_dispersal_statue_hall, kennysheep_crisscross,
          dk_rats_in_the_wall
D:8:      layout_basic, nzn_hepliaklqana_mist_gate,
          grunt_dithmenos_smoke_and_mirrors, vehumet_altar_wand_db,
          lair_entry_dummy, enter_bailey_8
D:9:      layout_basic, nemelex_altar_shiori, dreamdust_mushroom_princess
D:10:     layout_loops_ring, nicolae_overflow_hidden_temple,
          nicolae_gozag_seed_capital, mainiacjoe_overflow_24_doors, hive_lemuel
D:11:     layout_cave_pods
D:12:     layout_basic, erik_orc_2

Skill      XL: |  1  2  3  4  5  6  7  8  9 10 11 |
---------------+----------------------------------+-----
Dodging        | 3 4 5 6 7 9 11 12 | 12.1
Fighting       | 3 4 5 7 8 |  8.8
Short Blades   | 3 4 5 |  5.8
Stealth        | 7 8 10 11 13 14 | 14.1
Throwing       | 2 4 |  4.4

Action                     |  1- 3 |  4- 6 |  7- 9 | 10-12 || total
---------------------------+-------+-------+-------+-------++-------
  Melee: Short sword       |   212 |    67 |       |       ||   279
         Punch             |     1 |     5 |     4 |     6 ||    16
         Dagger            |       |   176 |   117 |   144 ||   437
         Battleaxe         |       |       |   148 |    85 ||   233
  Throw: Throwing net      |       |     1 |     1 |     3 ||     5
         Dart              |       |       |       |     2 ||     2
 Invoke: Heroism           |       |     2 |     9 |     8 ||    19
  Evoke: Wand              |       |       |       |     2 ||     2
    Use: Potion            |     3 |     4 |     2 |     1 ||    10
         Scroll            |     3 |     2 |     7 |     9 ||    21
   Stab: Sleeping          |     9 |    12 |    14 |    24 ||    59
         Distracted        |       |     1 |       |     1 ||     2
         Invisible         |       |     2 |       |       ||     2
         Held in net/web   |       |       |     1 |       ||     1
 Armour: Troll leather arm |   133 |     8 |       |       ||   141
         Leather armour    |       |    82 |   154 |   132 ||   368
         Skin              |       |     4 |       |       ||     4
  Dodge: Dodged            |   149 |    84 |   235 |   214 ||   682
